 Dungeon Crawl Stone Soup version 0.18.1-48-g4cf74bf (webtiles) character file.

46 sarahorange the Conjurer (level 3, 0/16 HPs)
             Began as a Spriggan Conjurer on June 28, 2016.
             Slain by a worm (6 damage)
             ... on level 2 of the Dungeon.
             The game lasted 00:07:59 (1646 turns).

sarahorange the Conjurer (Spriggan Conjurer)        Turns: 1646, Time: 00:07:59

Health: 0/16       AC:  3    Str:  5    XL:     3   Next: 44%
Magic:  2/8        EV: 18    Int: 16    God:
Gold:   47         SH:  0    Dex: 16    Spells: 3 memorised, 1 level left

rFire  . . .     SeeInvis +     g - +0 mace
rCold  . . .     Gourm    .     a - +0 robe
rNeg   . . .     Faith    .     (shield restricted)
rPois  .         Spirit   .     (helmet restricted)
rElec  .         Dismiss  .     l - +0 cloak
rCorr  .         Reflect  .     (gloves unavailable)
SustAt .         Harm     .     (boots unavailable)
MR     .....                    (no amulet)
Stlth  +++.......               (no ring)
                                (no ring)

@: very quick, not resistant to hostile enchantments, fairly stealthy
A: unfitting armour, see invisible, herbivore 3, speed 3, slow metabolism 2
a: no special abilities


You were on level 2 of the Dungeon.
You were not hungry.

You visited 1 branch of the dungeon, and saw 2 of its levels.

You collected 47 gold pieces.

Inventory:

Hand Weapons
 g - a +0 mace (weapon)
Missiles
 d - 21 sling bullets
 e - 54 stones (quivered)
 m - 18 poisoned needles
Armour
 a - a +0 robe (worn)
 l - a +0 cloak (worn)
Scrolls
 i - a scroll of magic mapping {unknown}
 j - 2 scrolls of identify {unknown}
 k - a scroll of teleportation {unknown}
 n - a scroll of enchant armour {unknown}
Potions
 f - a potion of magic {unknown}
 h - a potion of haste {unknown}
Books
 b - a book of Conjurations

   Spells                             Type                      Level
   a - Magic Dart                     Conjuration                  1
   b - Searing Ray                    Conjuration                  2
   c - Dazzling Spray                 Conjuration/Hexes            3
   d - Fulminant Prism                Conjuration/Hexes            4
   e - Iskenderun's Mystic Blast      Conjuration                  4
   f - Iskenderun's Battlesphere      Conjuration/Charms           5
Comestibles
 c - a bread ration


   Skills:
 + Level 3.0 Dodging
 + Level 3.2 Stealth
 + Level 2.8 Spellcasting
 * Level 3.8 Conjurations


You had one spell level left.
You knew the following spells:

 Your Spells              Type           Power        Failure   Level  Hunger
a - Magic Dart            Conj           ##..         4%          1    #......
b - Searing Ray           Conj           ##....       8%          2    ##.....
c - Dazzling Spray        Conj/Hex       #.....       28%         3    ###....


Dungeon Overview and Level Annotations

Branches:
Dungeon (2/15)

Altars:


Innate Abilities, Weirdness & Mutations

You are tiny and cannot use many weapons and most armour.
You have supernaturally acute eyesight.
You are a herbivore.
You cover ground extremely quickly.
You need consume almost no food.


Message History

The worm bites you.
You hit the worm.
The worm is severely wounded.
The worm barely misses you.
You hit the worm but do no damage.
The worm is severely wounded.
The worm bites you.
You hit the worm but do no damage.
The worm is severely wounded.
You hit the worm but do no damage.
The worm is severely wounded.
The worm bites you.
Your magical contamination has completely faded away.
You hit the worm but do no damage.
The worm is severely wounded.
The worm closely misses you.
You hit the worm.
The worm is almost dead.
The worm bites you.
You die...

#.........(###.....###.##.
#########..##.......##.##.
### ##..............##.##<
##.####...#(รท##.[...#.##.##.
#.#........(....(#.##.##.##.
##.####....(####.#.#.....##.
#.# ##.#.(# #.#.......... #.#
#.#.w####.###..###### #.#
##.#.@...#.###..# #.#
#....###.#......# #.#
#..#####.#.....## #.#
#..##...#......# #.#
#..##.#........# #.#
#...<...#.....## #.#
#.###.#...##.## #.# #.#
#.##.## .# #######.####.#
#.##.# #


You could see a worm.

Vanquished Creatures
  2 adders (D:2)
  An ooze (D:1)
  A dart slug (D:2)
  3 giant cockroaches
  3 hobgoblins
  A quokka (D:2)
  4 bats
  2 giant newts (D:1)
  2 kobolds
  5 rats (D:1)
24 creatures vanquished.

Notes
Turn   | Place    | Note
--------------------------------------------------------------
     0 | D:1      | sarahorange the Spriggan Conjurer began the quest for the Orb.
     0 | D:1      | Reached XP level 1. HP: 9/9 MP: 5/5
   282 | D:1      | Reached XP level 2. HP: 13/13 MP: 4/6
   286 | D:1      | Learned a level 2 spell: Searing Ray
  1296 | D:2      | Reached XP level 3. HP: 16/16 MP: 2/8
  1361 | D:2      | Learned a level 3 spell: Dazzling Spray
  1646 | D:2      | Slain by a worm

Skill      XL: |  1 |
---------------+----+-----
Conjurations   | 3 |  3.8
Dodging        | |  3.0
Stealth        | |  3.2
Spellcasting   | |  2.8

Action                   || total
-------------------------++-------
Melee: Mace              ||    16
Throw: Stone             ||    10
 Cast: Magic Dart        ||    45
       Searing Ray       ||    11
Armor: Robe              ||     1
Dodge: Dodged            ||    15
